Map: Blood Boil LE

Players

Namshar

  • Race: Zerg Zerg
  • League: Master
  • Spawn Location: 11:00

ShoWTimE - Winner!

  • Race: Protoss Protoss
  • Spawn Location: 5:00

VOD

Have the link to the VOD?

Description

Time

  • Played on: July 20, 2017, 6:40 a.m.
  • Length: 11:43
Show
View Real Time Build Order
Export as new Build Order

Namshar Zerg 

Build Orders: Hatch First 

Get SALT Encoding   

  12  0:00  Drone, Unknown  
  13  0:12  Overlord  
  13  0:17  Drone  
  14  0:31  Drone x2  
  14  0:34  Drone  
  17  0:52  Hatchery  
  17  0:56  Drone  
  17  0:59  Drone  
  18  1:11  Extractor  
  18  1:15  Spawning Pool  
  18  1:17  Drone  
  17  1:20  Drone  
  18  1:28  Drone  
  19  1:39  Drone  
  20  1:47  Hatchery  
  20  1:50  Drone  
  20  2:01  Queen  
  22  2:10  Queen  
  24  2:16  Overlord  
  24  2:20  Drone  
  25  2:23  Drone  
  25  2:27  Drone  
  25  2:29  Drone  
  28  2:37  Queen  
  28  2:40  Drone  
  28  2:43  Drone  
  32  2:49  Overlord  
  32  2:52  Metabolic Boost  
  32  2:55  Drone  
  32  2:57  Drone  
  34  2:59  Drone  
  34  3:01  Drone  
  34  3:03  Drone  
  37  3:10  Drone  
  37  3:11  Drone x2  
  40  3:13  Overlord  
  40  3:19  Drone x2  
  42  3:23  Queen  
  44  3:27  Drone x2  
  44  3:31  Overlord  
  46  3:35  Drone  
  46  3:36  Drone x2  
  46  3:37  Drone  
  50  3:44  Evolution Chamber, Drone  
  50  3:48  Queen  
  50  3:51  Drone x3  
  50  3:53  Drone  
  50  3:54  Drone  
  57  4:03  Queen  
  57  4:05  Overlord x2  
  57  4:07  Overlord  
  59  4:12  Drone  
  59  4:13  Drone x2  
  59  4:14  Zergling x4  
  62  4:20  Drone x2  
  62  4:21  Zerg Melee Weapons Level 1  
  61  4:24  Drone  
  61  4:25  Drone  
  63  4:33  Drone  
  63  4:34  Drone x6  
  70  4:39  Overlord  
  70  4:40  Lair  
  70  4:43  Drone x2  
  72  4:50  Overlord  
  72  4:51  Overlord x2  
  72  4:53  Drone  
  72  4:54  Extractor  
  72  4:55  Extractor  
  71  5:02  Drone x3  
  74  5:10  Spore Crawler  
  74  5:11  Drone x2  
  74  5:13  Drone x2  
  74  5:14  Extractor, Spore Crawler  
  76  5:20  Hatchery  
  74  5:21  Drone  
  74  5:22  Drone, Spore Crawler  
  74  5:25  Drone  
  74  5:26  Overlord x2, Drone x2  
  78  5:34  Overlord  
  78  5:37  Extractor  
  78  5:39  Extractor  
  78  5:40  Drone x3  
  78  5:41  Drone x2  
  81  5:43  Drone x2  
  81  5:44  Drone x2  
  81  5:46  Hydralisk Den, Overlord  
  81  5:47  Overlord  
  81  5:49  Zergling x2  
  84  5:52  Baneling Nest  
  84  5:54  Spine Crawler x2  
  81  5:57  Zergling x2, Spine Crawler  
  81  5:58  Zergling x2  
  81  6:00  Zergling x2  
  81  6:02  Zergling x4  
  85  6:09  Zergling x2  
  85  6:10  Zergling x4  
  82  6:18  Zergling x2  
  82  6:19  Zergling x8  
  82  6:27  Zergling x14  
  84  6:38  Zergling x8  
  83  6:46  Muscular Augments  
  78  6:48  Zerg Melee Weapons Level 2  
  78  6:49  Drone  
  78  6:51  Drone  
  78  6:52  Drone  
  78  6:54  Drone x2  
  81  7:06  Drone x2  
  84  7:08  Drone  
  84  7:09  Drone x2  
  84  7:11  Centrifical Hooks, Drone  
  84  7:12  Pneumatized Carapace  
  85  7:29  Drone x2  
  87  7:30  Drone x2  
  87  7:31  Drone x2  
  87  7:33  Drone x2  
  87  7:34  Drone x3  
  87  7:35  Drone x2  
  98  7:37  Drone  
  99  7:50  Hatchery  
  97  8:01  Hydralisk x4  
  97  8:02  Hydralisk x8  
  121  8:09  Extractor, Drone x2, Spore Crawler  
  121  8:11  Drone x2  
  121  8:12  Drone  
  124  8:13  Overlord x3  
  124  8:15  Baneling x4  
  124  8:19  Baneling x4  
  124  8:24  Hydralisk x2  
  124  8:25  Hydralisk x2  
  124  8:26  Overlord  
  132  8:34  Hydralisk  
  132  8:35  Hydralisk x2  
  138  8:50  Hydralisk x5  
  148  8:56  Overlord x4  
  148  8:58  Drone  
  148  9:00  Infestation Pit  
  139  9:12  Drone x3  
  139  9:13  Zergling x24  
  139  9:14  Zergling x2  
  153  9:23  Drone x3  
  150  9:26  Evolution Chamber  
  150  9:28  Zergling x2  
  150  9:29  Zergling x8  
  152  9:37  Drone x3  
  153  9:45  Drone x5  
  154  9:46  Hive  
  154  9:47  Spire  
  153  9:57  Queen  
  155  10:00  Hydralisk x2  
  155  10:01  Zergling x26  
  172  10:12  Extractor  
  171  10:17  Spore Crawler  
  163  10:29  Drone  
  163  10:30  Drone, Hatchery  
  162  10:41  Baneling x21  
  153  10:44  Hydralisk x4  
  153  10:45  Zergling x32  
  153  10:46  Zergling x2  
  153  10:47  Zergling x2  
  162  10:57  Hydralisk  
  162  10:58  Zergling x6  
  140  11:11  Hydralisk x2, Baneling  
  140  11:12  Hydralisk x2, Baneling  
  140  11:17  Hydralisk x2  
  140  11:18  Zergling x2  
  147  11:21  Zergling x2  
  147  11:22  Zergling x2  
Show
View Real Time Build Order
Export as new Build Order

ShoWTimE Protoss - Winner!

Build Orders: Nexus First, Oracle Opening 

Get SALT Encoding   

  12  0:00  Unknown  
  12  0:01  Probe (Chrono Boost)  
  13  0:11  Probe (Chrono Boost)  
  14  0:18  Pylon  
  14  0:23  Probe (Chrono Boost)  
  15  0:36  Probe (Chrono Boost)  
  16  0:47  Probe (Chrono Boost)  
  17  1:01  Nexus  
  17  1:12  Gateway  
  17  1:14  Probe (Chrono Boost)  
  18  1:19  Assimilator  
  18  1:24  Probe (Chrono Boost)  
  19  1:29  Assimilator  
  19  1:35  Probe (Chrono Boost)  
  19  1:39  Pylon  
  20  1:45  Probe (Chrono Boost)  
  21  1:56  Probe (Chrono Boost)  
  21  1:59  Cybernetics Core  
  21  2:01  Zealot (Chrono Boost)  
  24  2:07  Probe  
  25  2:11  Probe  
  26  2:19  Probe (Chrono Boost)  
  27  2:23  Probe (Chrono Boost)  
  28  2:30  Probe (Chrono Boost)  
  28  2:33  Probe (Chrono Boost)  
  28  2:35  Stargate  
  30  2:37  Stalker (Chrono Boost)  
  30  2:40  Warp Gate  
  30  2:43  Probe x2  
  34  2:54  Pylon, Probe  
  34  2:55  Probe  
  36  3:05  Adept (Chrono Boost), Probe  
  38  3:07  Probe  
  40  3:14  Oracle (Chrono Boost)  
  40  3:16  Probe  
  40  3:19  Probe  
  45  3:26  Pylon  
  45  3:28  Probe  
  45  3:30  Adept (Chrono Boost)  
  45  3:31  Probe  
  49  3:40  Probe  
  49  3:41  Gateway  
  50  3:43  Probe  
  50  3:45  Gateway  
  51  3:49  Void Ray  
  51  3:53  Probe (Chrono Boost)  
  51  3:55  Probe (Chrono Boost)  
  57  4:00  Twilight Council  
  57  4:03  Assimilator  
  57  4:07  Probe (Chrono Boost)  
  57  4:09  Probe (Chrono Boost)  
  59  4:10  Pylon  
  59  4:19  Probe (Chrono Boost)  
  59  4:20  Probe (Chrono Boost)  
  61  4:29  Resonating Glaives (Chrono Boost)  
  61  4:30  Probe (Chrono Boost)  
  62  4:32  Pylon, Probe (Chrono Boost)  
  63  4:38  Nexus  
  63  4:44  Pylon  
  63  4:45  Probe  
  64  4:46  Probe  
  64  4:49  Adept x2  
  64  4:50  Adept  
  71  4:57  Mothership Core (Chrono Boost)  
  71  4:58  Probe  
  71  4:59  Pylon  
  74  5:11  Adept  
  74  5:12  Adept x2, Probe (Chrono Boost)  
  81  5:18  Probe (Chrono Boost)  
  82  5:22  Pylon, Robotics Facility  
  82  5:24  Probe (Chrono Boost)  
  84  5:28  Probe (Chrono Boost)  
  84  5:33  Adept x2, Forge  
  84  5:34  Adept  
  91  5:36  Probe (Chrono Boost)  
  91  5:39  Probe (Chrono Boost)  
  92  5:48  Probe (Chrono Boost)  
  92  5:49  Probe (Chrono Boost)  
  94  5:50  Gateway  
  94  5:52  Gateway, Probe (Chrono Boost)  
  94  5:56  Assimilator  
  95  5:57  Sentry  
  95  5:58  Sentry x2  
  95  6:00  Probe x2 (Chrono Boost)  
  95  6:01  Assimilator  
  95  6:03  Probe (Chrono Boost)  
  104  6:10  Probe (Chrono Boost)  
  106  6:12  Probe (Chrono Boost)  
  106  6:13  Probe (Chrono Boost)  
  107  6:21  Observer, Probe (Chrono Boost)  
  107  6:24  Probe x2 (Chrono Boost)  
  109  6:27  Gateway  
  109  6:28  Protoss Ground Weapons Level 1  
  109  6:30  Gateway  
  109  6:31  Probe (Chrono Boost)  
  109  6:32  Gateway  
  104  6:37  Probe (Chrono Boost)  
  104  6:39  Charge  
  103  6:42  Immortal (Chrono Boost)  
  103  6:53  Templar Archives  
  95  6:55  Gateway  
  95  6:58  Pylon  
  95  7:06  Zealot x3, Robotics Facility  
  101  7:10  Pylon  
  101  7:12  Zealot, Photon Cannon  
  101  7:13  Zealot  
  105  7:19  Warp Prism (Chrono Boost)  
  105  7:20  Psionic Storm  
  105  7:21  Nexus  
  107  7:23  Pylon  
  107  7:25  Pylon  
  107  7:35  High Templar  
  107  7:36  High Templar  
  111  7:39  Pylon  
  111  7:45  Photon Cannon  
  111  7:50  Gateway  
  109  7:52  Gateway  
  109  7:53  Immortal  
  109  7:54  High Templar  
  115  8:00  Photon Cannon  
  115  8:02  Photon Cannon  
  115  8:03  Immortal  
  115  8:05  Pylon  
  119  8:06  Probe  
  119  8:07  Pylon, Probe x2  
  119  8:11  Pylon  
  122  8:15  Assimilator  
  122  8:20  Assimilator  
  122  8:22  Pylon, Photon Cannon  
  122  8:23  High Templar  
  122  8:25  Probe  
  122  8:26  Probe  
  126  8:28  Protoss Ground Weapons Level 2 (Chrono Boost)  
  126  8:32  Immortal  
  130  8:34  Photon Cannon  
  130  8:41  Zealot x4  
  130  8:42  Zealot x3  
  130  8:44  Zealot  
  146  8:53  Photon Cannon  
  146  8:55  Photon Cannon, Immortal  
  150  8:56  Pylon  
  150  9:02  Zealot  
  152  9:03  High Templar x2  
  156  9:11  Immortal  
  156  9:13  Pylon  
  156  9:15  Zealot x6  
  170  9:18  Probe x2  
  170  9:19  Probe x2  
  157  9:28  Probe  
  157  9:29  Probe  
  157  9:30  High Templar x2  
  151  9:31  Probe  
  151  9:35  Archon  
  151  9:37  Immortal  
  152  9:39  High Templar x2  
  152  9:43  Archon  
  146  9:46  Probe x2  
  146  9:47  Probe x2  
  146  9:52  Immortal  
  154  9:56  Probe  
  154  9:59  Probe x2  
  157  10:03  Zealot  
  157  10:04  Zealot x5  
  169  10:12  High Templar x2  
  170  10:16  Archon, Immortal  
  170  10:20  Zealot x3  
  176  10:26  Zealot x4  
  184  10:35  Immortal  
  182  10:46  Zealot x5  
  182  10:47  Zealot  
  188  10:55  Immortal  
  184  10:57  Zealot x2  
  184  11:04  Zealot x3  
  156  11:11  Fleet Beacon  
  160  11:22  Pylon  
  148  11:27  Archon  
  148  11:30  Zealot x5  
  156  11:33  Archon  
Tags
 
Add a new tag
Caveats
  • Supply blocks, unpowered buildings, or Contaminate may cause inaccurate times.
  • Supply counts are checked every 10 seconds.